 Dungeon Crawl Stone Soup version 0.28-a0-124-g73ec313a74 (webtiles) character file.

Game seed: 465517618709115966

433 Ezendos the Skirmisher (level 7, -2/66 HPs)
             Began as a Naga Berserker on Aug 14, 2021.
             Was a Priest of Trog.
             Killed from afar by Ijyb (13 damage)
             ... with a bolt of acid
             ... on level 4 of the Dungeon.
             The game lasted 00:07:17 (4519 turns).

Ezendos the Skirmisher (Naga Berserker)             Turns: 4519, Time: 00:07:18

Health: -2/66      AC:  7    Str: 19    XL:     7   Next: 0%
Magic:  7/7        EV:  8    Int:  8    God:    Trog [***...]
Gold:   188        SH:  0    Dex: 12    Spells: 6/6 levels left

rFire   + . .      SeeInvis +   o - +0 halberd
rCold   + . .      Faith    .   (shield currently unavailable)
rNeg    . . .      Spirit   .   p - +0 scale mail
rPois   +          Reflect  .   (no helmet)
rElec   .          Harm     .   m - +0 cloak
rCorr   .          Rampage  .   (no gloves)
Will    .....                   (no barding)
Stlth   +.........              (no amulet)
HPRegen 0.21/turn               e - ring of protection from cold
MPRegen 0.10/turn               j - ring of protection from fire

@: about to teleport, on berserk cooldown, slowed, very slow
A: AC +2, large, see invisible, deformed body, poison resistance, slowness 2,
spit poison 1, naga tail 1
a: Spit Poison, Renounce Religion, Berserk, Trog's Hand


You were on level 4 of the Dungeon.
You worshipped Trog.
Trog was most pleased with you.
You visited 1 branch of the dungeon, and saw 4 of its levels.

You collected 188 gold pieces.

Inventory:

Hand Weapons
 a - a +0 hand axe
 o - a +0 halberd (weapon)
Armour
 m - a +0 cloak (worn)
 p - a +0 scale mail (worn)
Jewellery
 e - a ring of protection from cold (left hand)
 j - a ring of protection from fire (right hand)
Wands
 s - a wand of charming (7)
Scrolls
 c - a scroll of enchant weapon {unknown}
 d - a scroll of noise {unknown}
 g - a scroll of blinking {unknown}
 h - 2 scrolls of teleportation
 q - a scroll of brand weapon {unknown}
 r - a scroll of summoning {unknown}
 u - a scroll of identify {unknown}
Potions
 b - a potion of haste {unknown}
 f - 2 potions of resistance {unknown}
 i - a potion of degeneration {unknown}
 k - a potion of curing {unknown}
 l - 2 potions of heal wounds
 n - a potion of magic {unknown}
 t - a potion of lignification {unknown}


   Skills:
 + Level 4.4 Fighting
 + Level 4.4 Axes
 + Level 3.1 Armour
 + Level 3.1 Dodging
 - Level 3.0 Stealth


You had 6 spell levels left.
You didn't know any spells.
Your spell library contained the following spells:

 Spells                   Type           Power      Damage    Failure   Level
 Ozocubu's Armour         Ice            0%         N/A       98%         3
 Ozocubu's Refrigeration  Ice            0%         4d5       100%        7


Dungeon Overview and Level Annotations

Branches:
Dungeon (4/15)
 Temple: D:4-7

Altars:

Annotations:
D:4 Grinder, Ijyb


Innate Abilities, Weirdness & Mutations

Your serpentine skin is tough. (AC +2)
You have supernaturally acute eyesight. (SInv)
Armour fits poorly on your strangely shaped body.
Your system is resistant to poisons. (rPois)
You cover ground very slowly.
You can spit poison.
You have a snake-like lower body.


Message History

Ijyb the Twisted Goblin comes into view.
She is wielding a +0 club, wearing a +4 ring mail of poison resistance and carrying a wand of acid (10).
You feel a strong urge to attack something.
Found 12 gold pieces.
Grinder blinks!
You feel your anger nearly subside.
You closely miss Ijyb.
Ijyb zaps a wand.
The bolt of acid hits you!
You are splashed with acid!
You impale Grinder!!
Grinder is severely wounded.
Grinder hits you. Ijyb hits you with a +0 club.
You barely miss Grinder.
Grinder is severely wounded.
Grinder says, "My boss said I was rubbish.
His entrails said otherwise."
Grinder blinks!
Ijyb zaps a wand.
The bolt of acid misses you.
You are no longer berserk.
You are exhausted.
You feel yourself slow down. Ijyb hits you but does no damage.
You hit Ijyb.
Ijyb is moderately wounded.
You feel the effects of Trog's Hand fading.
Grinder blinks!
Ijyb closely misses you. Ijyb hits you but does no damage.
You puncture Ijyb!
Ijyb is heavily wounded.
Grinder blinks!
Ijyb barely misses you.
Ijyb zaps a wand.
The bolt of acid hits you!
You are splashed with acid!
As you read the scroll labelled ZOGGIEHECA, it crumbles to dust.
You feel strangely unstable.
It was a scroll of teleportation.
Grinder hits you but does no damage. Ijyb hits you with a +0 club.
Grinder hits you.
You writhe in agony.
* * * LOW HITPOINT WARNING * * *
It was a potion of heal wounds.
You feel much better.
Your skin stops crawling.
You feel less strong-willed.
Ijyb zaps a wand.
The bolt of acid hits you!
You are splashed with acid!
* * * LOW HITPOINT WARNING * * *
Grinder hits you.
* * * LOW HITPOINT WARNING * * *
You writhe in agony.
* * * LOW HITPOINT WARNING * * *
Ijyb zaps a wand.
The bolt of acid hits you!
You die...

.......# #.# ...)...#
#.# ###.#### #.#
.....# #.# )<...# #.#
##...## ###.#########
##....# #........$..#
###...#####.#.#.5####.
##.............g@#
.....######........#
##...# #......###
#...# #....... #...#
###.##### #...# ..
#...# ##. #...


You could see Grinder and Ijyb.

Vanquished Creatures
  A necrophage (D:3)
  Crazy Yiuf (D:2)
  Terence (D:2)
  2 iguanas
  A hound skeleton (D:4)
  7 gnolls
  8 adders
  A worm (D:2)
  3 dart slugs (D:1)
  6 orcs (D:3)
  4 ball pythons
  3 bats
  8 endoplasms
  4 giant cockroaches
  5 goblins
  9 hobgoblins
  6 jackals
  2 quokkas (D:1)
  2 frilled lizards
  3 kobolds
  7 rats
84 creatures vanquished.

Notes
Turn   | Place    | Note
-------+----------+-------------------------------------------
     0 | D:1      | Ezendos the Naga Berserker began the quest for the Orb.
     0 | D:1      | Reached XP level 1. HP: 21/21 MP: 1/1
   389 | D:1      | Reached skill level 1 in Stealth
   389 | D:1      | Reached XP level 2. HP: 28/28 MP: 2/2
   791 | D:1      | Reached XP level 3. HP: 31/34 MP: 3/3
  1301 | D:1      | Reached ** piety under Trog
  1844 | D:2      | Reached XP level 4. HP: 36/42 MP: 4/4
  1930 | D:2      | Found a runed translucent door.
  2001 | D:2      | Noticed Crazy Yiuf
  2012 | D:2      | Killed Crazy Yiuf
  2290 | D:2      | Noticed Terence
  2299 | D:2      | Killed Terence
  2300 | D:2      | Reached XP level 5. HP: 35/49 MP: 5/5
  3208 | D:3      | Reached XP level 6. HP: 45/57 MP: 6/6
  3846 | D:3      | Noticed a necrophage
  3860 | D:3      | Killed a necrophage
  4244 | D:4      | Reached *** piety under Trog
  4410 | D:4      | Reached XP level 7. HP: 55/66 MP: 7/7
  4503 | D:4      | Noticed Grinder
  4508 | D:4      | Noticed Ijyb
  4519 | D:4      | Killed from afar by Ijyb

Illustrated notes

Levels and vault maps discovered:
D:1:      lightli_arrival_statue_moat, layout_basic
D:2:      layout_loops_ring, uniq_crazy_yiuf_cottage, uniq_terence
D:3:      layout_basic, kennysheep_path_1, chequers_mini_garden,
          minmay_randomly_rotated_circles
D:4:      layout_loops_cross, mainiacjoe_overflow_paths, uniq_ijyb, uniq_grinder

Skill      XL: |  1  2  3  4  5  6 |
---------------+-------------------+-----
Stealth        | 1 2 3 |  3.0
Armour         | 2 3 |  3.1
Dodging        | 2 3 |  3.1
Fighting       | 4 |  4.4
Axes           | 4 |  4.4

Action                   |  1- 3 |  4- 6 |  7- 9 || total
-------------------------+-------+-------+-------++-------
Melee: Hand axe          |    72 |   173 |       ||   245
       Halberd           |       |       |     6 ||     6
Invok: Berserk           |     1 |     8 |     1 ||    10
       Trog's Hand       |       |       |     1 ||     1
 Abil: Spit Poison       |    15 |    17 |     1 ||    33
  Use: Scroll            |       |       |     1 ||     1
       Potion            |       |       |     1 ||     1
 Stab: Sleeping          |     1 |     1 |       ||     2
Armor: Animal skin       |    16 |     3 |       ||    19
       Scale mail        |       |    59 |     3 ||    62
Dodge: Dodged            |    34 |    92 |     3 ||   129

Table legend: (Time is in decaauts)
 A = Elapsed time spent in this place.
 B = Non-inter-level travel time spent in this place.
 C = Inter-level travel time spent in this place.
 D = Time resting spent in this place.
 E = Time spent auto-exploring this place.
 F = Levels seen in this place.
 G = Mean time per level.
                   A        B        C        D        E       F      G
               +--------+--------+--------+--------+--------+-----+--------+
         Total |   5500 |   5175 |    325 |    889 |   3393 |   4 | 1375.0 |
       Dungeon |   5500 |   5175 |    325 |    889 |   3393 |   4 | 1375.0 |
               +--------+--------+--------+--------+--------+-----+--------+

Top non-repeatable levels by time:
     D:2: 2093 daAuts
     D:1: 1737 daAuts
     D:3: 1114 daAuts
     D:4: 555 daAuts
